[Event "*** MasterClass Titled Tuesday Blitz"]
[Site "Chess.com"]
[Date "2017.12.12"]
[Round "3"]
[White "Kacparov"]
[Black "PulpanJ"]
[Result "1/2-1/2"]
[WhiteElo "2589"]
[BlackElo "2457"]
[TimeControl "180+2"]
[EndTime "13:36:46 PST"]
[Termination "Game drawn by repetition"]

1. e4 c5 2. Nf3 d6 3. d4 cxd4 4.
Nxd4 Nf6 5. f3 e5 6. Nb3 d5 7. Bg5 Be6 8. Bxf6 gxf6 9. exd5 Qxd5 10. Qxd5 Bxd5 11. Nc3 Bc6 12. Nb5 Na6 13. O-O-O Ke7 14. Nd6 Rb8 15. Na5 Bh6+ 16. Kb1 Rhd8 17. Nf5+ Ke6 18. Bxa6 Kxf5 19. Nxc6 bxc6 20. Bd3+ Ke6 21. Bxh7 Bd2 22. Bd3 Bc3 23. Bc4+ Ke7 24. Bb3 Rxd1+ 25.
Rxd1 Bd4 26. c3 Be3 27. Re1 Bc5 28. h4 Bf2 29. Rh1 Bg3 30. h5 Rh8 31. Bc2 Bf4 32. Be4 c5 33. g4 Bh6 34. a4 Rd8 35. Ka2 c4 36. a5 Rb8 37. Rd1 Rb5 38. Rd5 Rb8 39.
Rc5 Bc1 40. Rc7+ Kd6 41. Rb7 Rxb7 42. Bxb7 f5 43. gxf5 f6 44. Kb1 Bh6 45. Ba6 Kc5 46.
Ka2 Bg5 47. Ka3 Bc1 48. Ka4 Bh6 49. Bc8 Bc1 50. Be6 Bd2 51. b4+ cxb3 52. Kxb3 Bh6 53. Kc2 Bf4 54. Kd3 Bh6 55. Ke4 Bf4 56. Bf7 Bh6 57.
Be8 Bf4 58. Bd7 Bh6 59. Bc8 Bf4 60. Ba6 Bh6 61. Bf1 Bf4 62. Be2 Bh6 63. Bd1 Bd2 64. Bb3 Bh6 65. Bf7 Bd2 66. Kd3 Bh6 67. a6 Bg5 68. Ke4 Bh6 69. Be6 Bf4 70. Bf7 Bh6 71.
Be6 Bf4 72. Bf7 Bh6 73. Be6 Bf4 74. Bf7 Bh6 75. Be6 Bf4 76. Bf7 Bh6 1/2-1/2

[Event "*** MasterClass Titled Tuesday Blitz"]
[Site "Chess.com"]
[Date "2017.12.12"]
[Round "3"]
[White "twitchTriniCupid"]
[Black "Vamostodorecto"]
[Result "1/2-1/2"]
[WhiteElo "2230"]
[BlackElo "2319"]
[TimeControl "180+2"]
[EndTime "13:36:49 PST"]
[Termination "Game drawn by repetition"]

1. d4 d5 2. c4 Nc6 3. Nf3 Bg4 4. e3 Nf6 5. cxd5 Nxd5 6. Be2 e6 7. O-O Bd6 8. Nc3 O-O 9. a3 Nxc3 10. bxc3 e5 11. h3 Bh5 12. Nxe5 Bxe2 13. Qxe2 Nxe5 14. dxe5 Bxe5 15.
Bb2 Qf6 16. f4 Bxc3 17. Bxc3 Qxc3 18. Rfc1 Qa5 19. Qc4 c6 20. Qc3 Qc7 21. Rab1 Rfe8 22. Kf2 h6 23. Rb4 Qe7 24. Rcb1 b6 25. R4b3 c5 26.
Rd1 Qh4+ 27. Kg1 Re7 28. Qc2 Rae8 29. Qf2 Qf6 30. Rbd3 Qe6 31. Rc3 Rd7 32. Rdc1 Red8 33. R1c2 Qe4 34. Kh2 Rd3 35. Qe2 Rd1 36. Rc4 Qg6 37. e4 Qf6 38. e5 Qe6 39. R4c3 Qf5 40. Rf3 Ra1 41. g4 Qc8 42. f5 Rdd1 43. Qg2 Qc7 44. Re2 Re1 45. Rfe3 Rxe2 46. Rxe2 Rxa3 47. g5 hxg5 48. Qxg5 Kf8 49. f6 gxf6 50. Qh6+ Ke8 51. Qh8+ Ke7 52. Qxf6+ Kf8 53. Rd2 Ke8 54. Qh8+ Ke7 55.
Qf6+ Ke8 56. Qh8+ Ke7 57. Qf6+ Ke8 1/2-1/2

[Event "*** MasterClass Titled Tuesday Blitz"]
[Site "Chess.com"]
[Date "2017.12.12"]
[Round "3"]
[White "StoreySniper"]
[Black "Schemato"]
[Result "0-1"]
[WhiteElo "2297"]
[BlackElo "2315"]
[TimeControl "180+2"]
[EndTime "13:36:53 PST"]
[Termination "Schemato won on time"]

1. e4 e6 2. d3 c5 3. Nd2 Nc6 4. Ngf3 g6 5. g3 Bg7 6. Bg2 Nge7 7. O-O O-O 8. Re1 d6 9. h4 h6 10. Nf1 e5 11. N1h2 Be6 12. c3 Qd7 13. Be3 b6 14. d4 exd4 15. cxd4 Bh3 16. dxc5 dxc5 17. Qxd7 Bxd7 18.
Rad1 Rad8 19. b3 Be6 20. Nd2 Nb4 21. Nc4 Nxa2 22. e5 Nb4 23. Rxd8 Rxd8 24. Bf1 Nc2 25. Rc1 Nxe3 26. fxe3 Nc6 27. Nf3 Bxc4 28. Bxc4 Nxe5 29. Nxe5 Bxe5 30. Kf2 Rd2+ 31. Kf3 Kg7 32. Rf1 f6 33. g4 Rh2 34. Rd1 Rh3+ 35. Ke4 Rxh4 36. Rd7+ Kf8 37. Kd5 Rxg4 38. Ke6 Rxc4 39. bxc4 h5 40. Rxa7 h4 41. Rh7 g5 42. Kf5 Kg8 43.
Kg6 Kf8 44. e4 Ke8 45. Kf5 Kd8 46. Kg4 Kc8 47. Kf5 b5 48. cxb5 c4 49. Rh8+ Kb7 50. Rh7+ Kb6 51. Kg4 c3 52. Rh8 c2 53. Rc8 Bc7 0-1

[Event "*** MasterClass Titled Tuesday Blitz"]
[Site "Chess.com"]
[Date "2017.12.12"]
[Round "3"]
[White "cheese111"]
[Black "sandromareco"]
[Result "1-0"]
[WhiteElo "2432"]
[BlackElo "2635"]
[TimeControl "180+2"]
[EndTime "13:37:00 PST"]
[Termination "cheese111 won by resignation"]

1. e4 c6 2. d4 d5 3. e5 Bf5 4.
g4 Bg6 5. e6 Qd6 6. exf7+ Bxf7 7. f4 Nf6 8. Nc3 g6 9. Bh3 Bg7 10. Nf3 Nbd7 11. Ne5 O-O 12. g5 Be6 13. gxf6 exf6 14. Nxd7 Qxd7 15. Bxe6+ Qxe6+ 16. Kf2 Rae8 17. Qd3 Qg4 18. Bd2 f5 19. h3 Qh5 20. Rae1 Bf6 21. Kg2 Bh4 22. Rxe8 Rxe8 23. Qf3 Qh6 24. Be3 Qg7 25. Bf2 Bf6 26. Ne2 Qc7 27. c3 Qa5 28. Nc1 Qb5 29. b3 Qa5 30. Re1 Re4 31. Re2 h5 32.
Bg3 Kg7 33. Qd3 Qa3 34. Qc2 c5 35. dxc5 Qxc5 36. Nd3 Qxc3 37. Qxc3 Bxc3 38. Rc2 d4 39. Bf2 b6 40. Kf3 Re7 41. Re2 Rc7 42. Ne5 Ba1 43.
Rd2 Kf6 44. Bxd4 Bxd4 45. Rxd4 Rc3+ 46. Rd3 Rc2 47. a4 Rb2 48. Rd6+ Ke7 49. Rxg6 Rxb3+ 50. Kg2 Ra3 51. Rg7+ Ke6 52. Rxa7 Kd5 53. Ng6 b5 54.
Rd7+ Kc6 55. Ne5+ Kc5 56. axb5 Kxb5 57. Rd5+ Kb4 58. Nc6+ Kc4 59. Rxf5 h4 60. Ne5+ Kd5 61. Ng6+ Ke6 62. Nxh4 Ra2+ 63. Kg3 Ra3+ 64. Kg4 Ra1 65. Nf3 Ra8 66. Rg5 Rh8 67. h4 Kf6 68. h5 Rh7 69.
Rg6+ Kf7 70. Ng5+ 1-0

[Event "*** MasterClass Titled Tuesday Blitz"]
[Site "Chess.com"]
[Date "2017.12.12"]
[Round "3"]
[White "raviteja81293"]
[Black "calemcc"]
[Result "1-0"]
[WhiteElo "2407"]
[BlackElo "2266"]
[TimeControl "180+2"]
[EndTime "13:37:01 PST"]
[Termination "raviteja81293 won by resignation"]

1. d4 d5 2. Nf3 Bf5 3. c4 dxc4 4. Nc3 Nf6 5. e3 e6 6. Bxc4 Nbd7 7. O-O Bd6 8. Qe2 Ne4 9. Nxe4 Bxe4 10. b3 Qf6 11.
Bb2 O-O 12. Rac1 Qh6 13. h3 Nf6 14. Bb5 Ng4 15. Rfd1 Nf6 16. Nd2 Bg6 17. Nc4 Bh5 18.
f3 Bg3 19. Nd2 Nd5 20. Nf1 Bd6 21. Bd3 Qg5 22. Qf2 c6 23. Rc4 Bg6 24. Bc1 Rad8 25.
Bxg6 fxg6 26. e4 Nf4 27. Bxf4 Bxf4 28. Rc5 Qf6 29. g3 Bc7 30. Rc3 Bb6 31. Rcd3 e5 32. Kg2 Bxd4 33. Qc2 c5 34. Nh2 g5 35. b4 h5 36.
bxc5 Rc8 37. Qb3+ Kh8 38. Qxb7 Rxc5 39. R3d2 g4 40. hxg4 hxg4 41. fxg4 Rc6 42. Qd7 Qh6 43. Nf3 Rcf6 44. Nxd4 exd4 45. Rh1 Rf2+ 46. Rxf2 Rxf2+ 47. Kxf2 Qxh1 48. Qd8+ Kh7 49. Qh4+ Qxh4 50. gxh4 Kg6 51. Ke2 Kf6 52. Kd3 Ke5 53. h5 Kf4 54. Kxd4 Kxg4 55. e5 Kxh5 56. Kd5 g5 57. e6 Kg6 58. Kd6 g4 59. e7 Kf7 60. Kd7 g3 61. e8=Q+ Kg7 62. Qe5+ 1-0

[Event "*** MasterClass Titled Tuesday Blitz"]
[Site "Chess.com"]
[Date "2017.12.12"]
[Round "3"]
[White "Enzy63"]
[Black "visa"]
[Result "0-1"]
[WhiteElo "2066"]
[BlackElo "2103"]
[TimeControl "180+2"]
[EndTime "13:37:24 PST"]
[Termination "visa won by resignation"]

1. d4 Nf6 2. Nf3 e6 3. g3 d5 4. Bg2 Be7 5. O-O O-O 6. c4 c6 7. Nbd2 Nbd7 8. Qc2 b6 9. e4 Ba6 10. e5 Ne8 11. Re1 b5 12. cxd5 cxd5 13. Nf1 Rc8 14. Qb3 Nb6 15. Qd3 Qc7 16. Ne3 Nc4 17. b3 Nxe3 18.
Bxe3 Qc2 19. Qxc2 Rxc2 20. Rec1 Rxc1+ 21. Rxc1 Bb7 22. Bf1 a6 23. Ne1 f6 24. Nd3 Ba3 25. Rc2 Rf7 26. exf6 gxf6 27. Bh3 f5 28. Ne5 Rc7 29.
Rxc7 Nxc7 30. g4 fxg4 31. Bxg4 Bb2 32. a4 bxa4 33. bxa4 Kg7 34. Kf1 Kf6 35. Nf3 Ne8 36. Bf4 Bc6 37. Be5+ Ke7 38. a5 Bc3 39. Ng5 Bxa5 40. Nxh7 Bc3 41. Bf6+ Kf7 42. Bh5+ Kg8 43.
Ng5 Bb5+ 44. Kg2 a5 45. Bf7+ Kf8 46. Be5 Bd2 47. Nxe6+ Kxf7 48. Nc7 Bc4 49. h4 Nxc7 50. Bxc7 a4 51. Bd6 Bc1 52. Kg3 a3 53. Bxa3 Bxa3 54.
Kf4 Be7 55. Ke5 Bxh4 56. f3 Bg3+ 57. Kf5 Be2 58. f4 Bd3+ 59. Ke5 Be4 60. Kd6 Bxf4+ 61.
Kc5 Ke6 62. Kc6 Be3 63. Kc5 Bf2 64. Kc6 Bxd4 65. Kb5 Be5 66. Kb4 d4 67. Kb3 Kd5 68. Kb4 d3 69. Kb5 d2 70. Kb6 d1=Q 71. Kb7 Qb3+ 72.
Kc8 Bf5+ 0-1

[Event "*** MasterClass Titled Tuesday Blitz"]
[Site "Chess.com"]
[Date "2017.12.12"]
[Round "3"]
[White "MITerryble"]
[Black "Aygehovit1992"]
[Result "1-0"]
[WhiteElo "2652"]
[BlackElo "2445"]
[TimeControl "180+2"]
[EndTime "13:37:25 PST"]
[Termination "MITerryble won by resignation"]

1. d4 Nf6 2. Bg5 Ne4 3. Bf4 c5 4. f3 Nf6 5. dxc5 Qa5+ 6. Nc3 Qxc5 7. Qd2 Nc6 8. e4 d6 9. Nb5 Qb6 10. c4 Qd8 11. Ne2 g6 12. Rd1 Bd7 13. h4 Bg7 14. Ng3 h5 15. Be2 a6 16. Nc3 Rc8 17. O-O Ne5 18. b3 O-O 19. Be3 Bc6 20. Rc1 Qd7 21. a4 Qd8 22. Rfd1 Kh7 23. b4 Qc7 24. a5 Qb8 25. Nf1 Bd7 26. Qa2 Be6 27. Nd5 Nxd5 28. cxd5 Bd7 29. Nd2 Bf6 30. g3 Bb5 31. Bxb5 axb5 32.
Qb3 Bg7 33. Kg2 Rxc1 34. Rxc1 f5 35. exf5 Rxf5 36. Bf4 Nd7 37. Ne4 Bf6 38. Qd3 Ne5 39. Bxe5 Rxe5 40. Qxb5 Qa8 41. Qd7 Qf8 42. Rc7 Kh6 43.
Rc8 Qf7 44. Qxb7 Bxh4 45. gxh4 Qf4 46. Qb6 Rxe4 47. fxe4 Qxe4+ 48. Kf2 Qf4+ 49. Ke1 Qe4+ 50. Kd2 Qg2+ 51. Kc1 Qf1+ 52. Kb2 Qg2+ 53. Rc2 Qxd5 54. Qe3+ 1-0

[Event "*** MasterClass Titled Tuesday Blitz"]
[Site "Chess.com"]
[Date "2017.12.12"]
[Round "3"]
[White "Kaphrep"]
[Black "daro94"]
[Result "1/2-1/2"]
[WhiteElo "2595"]
[BlackElo "2652"]
[TimeControl "180+2"]
[EndTime "13:37:28 PST"]
[Termination "Game drawn by agreement"]

1. d4 Nf6 2. Nf3 d5 3. c3 g6 4. Bf4 Bg7 5. e3 O-O 6. h3 b6 7. Nbd2 Bb7 8. Be2 c5 9. O-O Nc6 10. Ne5 Nd7 11. Nxd7 Qxd7 12. dxc5 e5 13. Bg3 bxc5 14.
Qa4 Rfd8 15. Qa3 Bf8 16. Bh4 c4 17. Qa4 Be7 18. Bxe7 Nxe7 19. Qxd7 Rxd7 20. Rfd1 Rad8 21. b3 cxb3 22. axb3 Nc6 23. Bb5 Rc7 24. Nf3 f6 25. c4 d4 26. exd4 e4 27. Bxc6 Bxc6 28. Ne1 Rb8 29.
d5 Be8 30. Ra3 Rcb7 31. c5 Rxb3 32. Rxb3 Rxb3 33. c6 Rc3 34. d6 Bxc6 35. d7 Bxd7 36. Rxd7 a5 37. Ra7 Rc5 38. Kf1 f5 39. Ke2 f4 40. f3 e3 41. Nd3 Rc2+ 42. Kf1 g5 43. Rxa5 h6 44. h4 Rd2 45. Rd5 Rd1+ 46. Ke2 Rd2+ 47. Ke1 Rxg2 48. hxg5 hxg5 49. Rd7 Rd2 50.
Ne5 Rf2 51. Rc7 Kf8 52. Rf7+ Kg8 53. Rc7 Kf8 54. Ra7 Kg8 55. Rf7 Rg2 56. Re7 Rf2 57. Rd7 Kf8 58. Rh7 Kg8 59. Rh5 Kg7 60. Rxg5+ Kf6 61.
Rh5 Ra2 62. Ng4+ Kg6 63. Rd5 Ra1+ 64. Rd1 Ra2 65. Nxe3 fxe3 66. Rd3 Kf5 67. Rxe3 Kf4 1/2-1/2

[Event "*** MasterClass Titled Tuesday Blitz"]
[Site "Chess.com"]
[Date "2017.12.12"]
[Round "3"]
[White "Blitzstream"]
[Black "AquivaRubinstein"]
[Result "1/2-1/2"]
[WhiteElo "2487"]
[BlackElo "2266"]
[TimeControl "180+2"]
[EndTime "13:37:28 PST"]
[Termination "Game drawn - insufficient material"]

1. g4 d5 2. Bg2 c6 3. g5 e5 4. d4 exd4 5. Qxd4 Ne7 6. Nf3 Nf5 7.
Qe5+ Qe7 8. Bf4 Qxe5 9. Bxe5 Bd6 10. Nbd2 O-O 11. O-O-O Re8 12. Bxd6 Nxd6 13. Rhe1 Bg4 14. h3 Bh5 15. e4 Nxe4 16. Nxe4 dxe4 17. Rxe4 Na6 18.
Rde1 Rxe4 19. Rxe4 Kf8 20. Ne5 Rd8 21. f3 Nc5 22.
Rh4 g6 23. Rf4 Rd5 24. Nxf7 Ke7 25. h4 Ne6 26. Rf6 Rd4 27. Ne5 Rxh4 28. Rf7+ Kd6 29. Nd3 Rh2 30. Ne1 Nxg5 31. Rxb7 a5 32. f4 Ne6 33.
Rxh7 Nxf4 34. Bf3 Rf2 35. Bxh5 gxh5 36. Nd3 Nxd3+ 37. cxd3 Rh2 38. Ra7 h4 39. Rxa5 h3 40. Rh5 Rh1+ 41. Kc2 Rh2+ 42. Kb3 Rh1 43. a4 Kc7 44. a5 Kb7 45. Kb4 Rb1 46. b3 Rh1 47. Kc5 h2 48. Kd4 Rb1 49. Rxh2 Rxb3 50. Ra2 Ka6 51. Kc4 Rb1 52. Kc5 Rc1+ 53. Kd6 c5 54. Ra3 c4 55. d4 c3 56. d5 c2 57. Rc3 Kxa5 58. Kc6 Kb4 59. Rc5 Kb3 60. d6 Rd1 61.
d7 c1=Q 62. Rxc1 Rxc1+ 63. Kb7 Rd1 64. Kc8 Kc4 65. d8=Q Rxd8+ 66. Kxd8 1/2-1/2

[Event "*** MasterClass Titled Tuesday Blitz"]
[Site "Chess.com"]
[Date "2017.12.12"]
[Round "3"]
[White "BjarkeSahl"]
[Black "marreta84"]
[Result "1/2-1/2"]
[WhiteElo "2226"]
[BlackElo "2314"]
[TimeControl "180+2"]
[EndTime "13:37:28 PST"]
[Termination "Game drawn by stalemate"]

1. e4 c5 2. Nf3 e6 3. d4 cxd4 4. Nxd4 Nf6 5. Nc3 Nc6 6. Ndb5 Bc5 7. Be3 Bxe3 8. Nd6+ Ke7 9. fxe3 Qb6 10. Nc4 Qc5 11.
Na4 Qg5 12. Qd6+ Kd8 13. h4 Qg6 14. Nc3 Nxe4 15. Nxe4 Qxe4 16. O-O-O Qf5 17. Be2 Qf6 18. Rhf1 Qe7 19. Bf3 Qxd6 20. Nxd6 Rf8 21. Bxc6 bxc6 22. Nxf7+ Ke7 23. Ne5 Rf6 24. g4 Ba6 25. Rf4 Rxf4 26.
exf4 Rd8 27. c4 Bb7 28. c5 d5 29. cxd6+ Rxd6 30. Rxd6 Kxd6 31. Nf7+ Kd5 32. Kd2 Ke4 33. Ng5+ Kxf4 34. Nxe6+ Kxg4 35. Nxg7 Kxh4 36. Ke3 Kg3 37. Nf5+ Kg4 38. Nd6 Ba6 39. Kf2 h5 40. b4 h4 41.
Kg2 Kf4 42. a4 Ke5 43. Nf7+ Kd4 44. Nd8 Kd5 45. Kh3 Bc4 46. Kxh4 Bb3 47. a5 Ba4 48. Kg5 Kc4 49. Kf4 Kxb4 50. Ke3 Kxa5 51. Kd2 Kb4 52. Nxc6+ Bxc6 53. Kc2 Ka3 54. Kb1 Kb3 55. Ka1 Bb5 56. Kb1 Ka3 57. Ka1 Ba4 58. Kb1 Bb3 59. Ka1 Kb4 60. Kb1 Kc3 61. Ka1 Bc2 62. Ka2 Kd2 63. Ka1 Kc1 64. Ka2 Bd1 65. Ka1 Bb3 1/2-1/2

[Event "*** MasterClass Titled Tuesday Blitz"]
[Site "Chess.com"]
[Date "2017.12.12"]
[Round "3"]
[White "inegrepus"]
[Black "Swarajan"]
[Result "1-0"]
[WhiteElo "2038"]
[BlackElo "2095"]
[TimeControl "180+2"]
[EndTime "13:37:37 PST"]
[Termination "inegrepus won by checkmate"]

1. d4 Nf6 2. c4 c5 3. d5 g6 4.
Nc3 Bg7 5. e4 O-O 6. f3 e6 7.
Nge2 exd5 8. exd5 d6 9. Bg5 Nbd7 10. Qd2 a6 11. a4 Rb8 12. Ng3 Qa5 13. Be2 Re8 14. O-O Ne5 15. Nge4 Nxe4 16. Nxe4 Qd8 17. Bxd8 Rxd8 18. Qg5 Bf5 19. Nf6+ Kh8 20. Ng4 Bxg4 21.
fxg4 h6 22. Qe7 g5 23. Rae1 Rd7 24. Qxd7 Nxd7 25. b3 Ne5 26. Bf3 Re8 27. h3 Nxf3+ 28. gxf3 Be5 29. Kg2 f6 30. f4 gxf4 31. Rxf4 Kg7 32.
Rf5 Re7 33. h4 Kg6 34. Kf3 Rf7 35. h5+ Kg7 36. Re4 Re7 37. Ke2 a5 38. Kd3 b6 39.
Re2 Kf7 40. Rf3 Kg7 41. Ke4 Kh7 42. Kf5 Kg7 43. Rfe3 Kh7 44. Re4 Kg7 45. Rg2 Kh7 46. Rg1 Kg7 47. Rf1 Kh7 48. Rf2 Kg7 49. Rfe2 Kh7 50.
Rc2 Kg7 51. Rce2 Kh7 52. Rg2 Kg7 53. Rg1 Kh7 54. Rxe5 fxe5 55. Kf6 Re8 56. Kf7 Rg8 57. Ke6 Rd8 58. Ke7 Rf8 59. Kxf8 e4 60. Re1 e3 61.
Rxe3 Kh8 62. Re6 Kh7 63. Rxd6 Kh8 64. Rxh6# 1-0

[Event "*** MasterClass Titled Tuesday Blitz"]
[Site "Chess.com"]
[Date "2017.12.12"]
[Round "3"]
[White "jposthuma"]
[Black "johannesh"]
[Result "1/2-1/2"]
[WhiteElo "2318"]
[BlackElo "2294"]
[TimeControl "180+2"]
[EndTime "13:37:40 PST"]
[Termination "Game drawn by agreement"]

1. d4 d5 2. c4 e6 3. Nf3 Nf6 4. g3 dxc4 5. Bg2 Bb4+ 6. Bd2 c5 7. dxc5 Bxc5 8. Qa4+ Nc6 9. Qxc4 Bb6 10. O-O O-O 11. Nc3 Qe7 12. Bg5 h6 13. Bxf6 Qxf6 14. Rad1 Rd8 15. Rxd8+ Qxd8 16. Rd1 Qe7 17. Ne4 e5 18.
Nd6 Be6 19. Qc2 Rd8 20. Nxb7 Rxd1+ 21. Qxd1 e4 22. Nd2 Qxb7 23. Nxe4 Qc7 24. Qc1 Nd4 25. Qxc7 Bxc7 26. e3 Nb5 27. a4 Nd6 28. Nc5 Bc8 29.
Nd3 Ba6 30. Nc5 Bc4 31. b3 Bb6 32. bxc4 Bxc5 33. Bd5 Kf8 34. Kf1 Ke7 35. Ke2 Kd7 36.
e4 f6 37. f4 Ke7 38. h3 g5 39. Kf3 Bd4 40. Kg4 Bf2 41. Bg8 Nxe4 42. Bd5 Nd6 43. fxg5 hxg5 44. h4 gxh4 45. gxh4 f5+ 46. Kg5 Be3+ 47. Kg6 f4 48. h5 Bd4 49. h6 Be5 50. h7 f3 51. c5 f2 52. cxd6+ Kxd6 53. Bc4 Ke7 54. a5 Bd4 55. a6 Be5 56.
Kf5 Bd4 57. Ke4 Bh8 58. Ke3 Kf6 59. Kxf2 Kg6 60. Bd3+ Kh6 61. Ke3 Bf6 62. Bf5 Kg7 63. Ke4 Bd8 64. Kd5 Bb6 65. Kc6 Kh8 66. Be4 Bg1 67.
Kb7 Bf2 68. Kb8 Bg1 69. Kb7 1/2-1/2

[Event "*** MasterClass Titled Tuesday Blitz"]
[Site "Chess.com"]
[Date "2017.12.12"]
[Round "3"]
[White "misha_chessone"]
[Black "Rsnr"]
[Result "0-1"]
[WhiteElo "2400"]
[BlackElo "2626"]
[TimeControl "180+2"]
[EndTime "13:37:52 PST"]
[Termination "Rsnr won on time"]

1. e4 c6 2. d4 d5 3. e5 Bf5 4.
c4 e6 5. Nc3 Nd7 6. a3 Ne7 7.
c5 Bg6 8. b4 f6 9. exf6 gxf6 10. Nf3 Bg7 11. Be2 O-O 12. Nh4 Bf7 13. Be3 e5 14. g4 Kh8 15. f4 Ng6 16. Nf5 exf4 17. Bf2 Ne7 18. Nxg7 Kxg7 19. Qd2 Qc7 20. h4 Rae8 21. Kf1 Rh8 22. h5 h6 23. Bf3 f5 24.
Rg1 Kf8 25. g5 hxg5 26. Rxg5 Nf6 27. Re1 Nxh5 28. Re5 Nf6 29. Qxf4 Qd7 30. Re3 Bg6 31.
Qd6 Kf7 32. Qxd7 Nxd7 33. Ne2 Nf8 34. Nf4 Kf6 35. Rg1 Kf7 36. Nd3 Nd7 37. Bg3 Ng8 38. Be5 Ngf6 39. Nf4 Rhg8 40. Rh1 Ng4 41. Bxg4 fxg4 42.
Ke1 Nxe5 43. dxe5 d4 44. Re2 Re7 45. Kd2 Bf5 46. Rh5 Be6 47. Kd3 g3 48. Rh7+ Ke8 49. Rxe7+ Kxe7 50. Rg2 Bd5 51. Nxd5+ cxd5 52. Kxd4 Ke6 53. b5 Rg4+ 54. Kd3 Kxe5 55. c6 bxc6 56. bxc6 Kd6 57. Ke3 Kxc6 58. Kf3 Rg8 59. Rc2+ Kb5 60. Kg2 d4 61. Rc7 a5 62. Rd7 Kc4 63. Rg7 Rxg7 64. a4 d3 65. Kg1 g2 0-1

[Event "*** MasterClass Titled Tuesday Blitz"]
[Site "Chess.com"]
[Date "2017.12.12"]
[Round "3"]
[White "AndrewDGreen"]
[Black "tteshan"]
[Result "0-1"]
[WhiteElo "2065"]
[BlackElo "2027"]
[TimeControl "180+2"]
[EndTime "13:37:54 PST"]
[Termination "tteshan won by resignation"]

1. d4 d5 2. Bf4 e6 3. e3 Nf6 4. Nf3 Bd6 5. Bg3 O-O 6. Bd3 Nbd7 7. Nbd2 Qe7 8. Ne5 h6 9. f4 Ne8 10. O-O Nef6 11. Bh4 c5 12. c3 cxd4 13. exd4 a6 14. Qe2 Qe8 15. Rae1 Be7 16. Bb1 Nxe5 17. fxe5 Nd7 18. Qg4 Bxh4 19. Qxh4 Qd8 20. Qg3 Qg5 21. Qd3 g6 22. Rf3 b6 23. Rg3 Qe7 24. Rh3 Kg7 25. Ree3 a5 26. Reg3 Rh8 27. Rxg6+ Kf8 28. Rgxh6 Rxh6 29. Rxh6 Qg5 30. Rh8+ Ke7 31. Qe2 Ba6 32. Qf2 Rxh8 33.
h3 Rxh3 34. Bc2 Rh8 35. Nf3 Qc1+ 36. Ne1 Qg5 37. b3 Qh5 38. Qg3 Qh1+ 39. Kf2 Qf1+ 40.
Ke3 Qe2+ 41. Kf4 Qd2+ 42. Qe3 Qxe3+ 43. Kxe3 Rg8 44. Kf3 Bb5 45. g3 Nf8 46. Ng2 Ng6 47. Ne3 Rc8 48. Nd1 Ba6 49. a3 Nf8 50. b4 axb4 51.
axb4 Bc4 52. Ke3 b5 53. Kd2 Nd7 54. g4 Rg8 55. Nf2 Nb6 56. Ke3 Na4 57. Kd2 Rc8 58.
Nd1 Bf1 59. Ne3 Bh3 60. Bd3 Nxc3 61. Nc2 Bxg4 62. Ne3 Bh3 63. Nc2 Ne4+ 64. Ke3 Rb8 65.
Na1 Bf5 66. Nb3 f6 67. exf6+ Kxf6 68. Be2 Nc3 69. Bf1 Na2 70. Na5 Nxb4 71. Be2 Nc2+ 72.
Kd2 b4 73. Nc6 Rb6 74. Na5 b3 75. Kc3 b2 0-1

[Event "*** MasterClass Titled Tuesday Blitz"]
[Site "Chess.com"]
[Date "2017.12.12"]
[Round "3"]
[White "nurmiTV"]
[Black "GMKrikor"]
[Result "0-1"]
[WhiteElo "2447"]
[BlackElo "2646"]
[TimeControl "180+2"]
[EndTime "13:38:05 PST"]
[Termination "GMKrikor won by checkmate"]

1. c4 e5 2. Nc3 Nf6 3. g3 c6 4. d4 exd4 5. Qxd4 Na6 6. Bg2 Bc5 7.
Qd1 O-O 8. a3 d5 9. cxd5 cxd5 10. Nxd5 Nxd5 11. Qxd5 Qb6 12. Qf3 Bd4 13. Nh3 Bxb2 14.
Bxb2 Qxb2 15. O-O Nc5 16. Rab1 Qe5 17. Rfc1 Rb8 18. Nf4 b6 19. Qc3 Qxc3 20. Rxc3 Bf5 21. Rb5 Rfd8 22. Nd5 Be6 23. e4 Bxd5 24. exd5 Rbc8 25.
Bf3 Kf8 26. h4 g6 27. h5 Ke7 28. hxg6 hxg6 29. Kg2 Kd6 30. Rb4 Re8 31. Rf4 f5 32. g4 Ke5 33. Kg3 Rcd8 34. gxf5 gxf5 35. Re3+ Kf6 36. Rh4 Rxe3 37. fxe3 Ke5 38. Rh7 Rd7 39. Rh8 Rg7+ 40. Kf2 Kd6 41. Rh6+ Ke5 42. Rc6 Rd7 43. a4 Rd6 44. Rc7 a5 45. Ke2 Nxa4 46.
Kd3 Nc5+ 47. Kc4 Rd7 48. Rc6 Rd6 49. Rc7 Rd7 50. Rc6 Rb7 51. Kb5 a4 52. Rh6 a3 53.
Rh2 Ne4 54. Kc6 Ra7 55. Ra2 Nc3 56. Ra1 b5 57. d6 Ke6 58. Bd1 Ra6+ 59. Kb7 Rxd6 60.
Bb3+ Ke5 61. Rxa3 Rd3 62. Bc2 Rxe3 63. Kc6 b4 64. Rb3 Nd5 65. Rb1 Rc3+ 66. Kb5 Rxc2 67.
Re1+ Kd4 68. Ka4 f4 69. Kb3 Rc3+ 70. Kb2 Re3 71. Rd1+ Ke4 72. Rf1 f3 73. Rh1 f2 74. Rh8 f1=Q 75. Re8+ Kd3 76. Rc8 Qf6+ 77. Kb3 Qc3+ 78. Rxc3+ bxc3 79. Ka2 Kc2 80. Ka3 Re4 81. Ka2 Ra4# 0-1

[Event "*** MasterClass Titled Tuesday Blitz"]
[Site "Chess.com"]
[Date "2017.12.12"]
[Round "3"]
[White "robbykevlishvili"]
[Black "Mykola-Bortnyk"]
[Result "1/2-1/2"]
[WhiteElo "2451"]
[BlackElo "2675"]
[TimeControl "180+2"]
[EndTime "13:38:06 PST"]
[Termination "Game drawn - insufficient material"]

1. e4 Nf6 2. e5 Nd5 3. d4 d6 4.
Nf3 dxe5 5. Nxe5 c6 6. Be2 Bf5 7. O-O Nd7 8. Nf3 e6 9. a3 Bd6 10. c4 N5f6 11. Nc3 h6 12. h3 O-O 13. Be3 Re8 14.
Qb3 Qc8 15. Rfd1 Bc7 16. Rac1 Ne4 17. Nxe4 Bxe4 18. Nd2 Bg6 19. Bf3 e5 20. d5 e4 21.
dxc6 bxc6 22. Be2 Kh7 23. Nf1 f5 24. Bd4 f4 25. Bc3 Ne5 26. Bxe5 Rxe5 27. Bg4 Bf5 28. Bxf5+ Qxf5 29. Qb7 Rc8 30. Qxa7 Re6 31. Rd7 Be5 32. Rcd1 Rg6 33. Kh1 Rxg2 34. Kxg2 f3+ 35. Kg1 Qxh3 36. Rxg7+ Bxg7 37. Ne3 Rg8 38. Qd7 Qh4 39. Rd6 Qg5+ 40.
Kf1 Kh8 41. Qf5 Qh4 42. Rg6 c5 43. Qf7 Qh3+ 44. Kg1 Qh5 45. Nf5 Qxg6+ 46. Qxg6 Bxb2 47. Qxg8+ Kxg8 48. a4 Bc3 49. Nd6 Kg7 50. Nxe4 Bb4 51. Kh2 Kg6 52. Kg3 Kf5 53. Kxf3 Ke5 54. Ke3 h5 55. f4+ Kf5 56. Kf3 h4 57. Nf2 Be1 58. Nd3 Bb4 59. Ne5 Bd2 60. Nc6 Bxf4 61. a5 Bc7 62. a6 Bb6 63. a7 Bxa7 64. Nxa7 Ke5 65.
Nb5 Kf5 66. Nc3 Ke5 67. Ne2 h3 68. Ke3 h2 69. Ng3 Kf6 70. Kf4 Ke6 71. Ke4 Kf6 72.
Nh1 Kg5 73. Nf2 Kh4 74. Kf3 Kg5 75. Kg2 Kf4 76. Nd3+ Ke3 77. Nb2 Kd4 78. Kxh2 Kc3 79.
Na4+ Kxc4 80. Nxc5 1/2-1/2

[Event "*** MasterClass Titled Tuesday Blitz"]
[Site "Chess.com"]
[Date "2017.12.12"]
[Round "3"]
[White "lukas_111111"]
[Black "tigra"]
[Result "0-1"]
[WhiteElo "2447"]
[BlackElo "2637"]
[TimeControl "180+2"]
[EndTime "13:38:07 PST"]
[Termination "tigra won by resignation"]

1. e4 e6 2. d4 d5 3. Nc3 Bb4 4. e5 c5 5. a3 Bxc3+ 6. bxc3 Ne7 7. Qg4 O-O 8. Bd3 f5 9. exf6 Rxf6 10. Bg5 Rf7 11.
Qh5 h6 12. Nf3 Nd7 13. Bh7+ Kf8 14. Bg6 Nf6 15. Bxf6 Rxf6 16. Ne5 Qa5 17. O-O Qxc3 18. dxc5 Qxc5 19. c4 Qd6 20. Rac1 b6 21. cxd5 exd5 22. Bd3 Bf5 23. Rfe1 Bxd3 24. Nxd3 Rf5 25. Qg4 Qf6 26. h3 Rc8 27. Rxc8+ Nxc8 28. Nf4 Ne7 29. Ne6+ Kf7 30.
Nd8+ Kg8 31. Re6 Qf8 32. Nc6 Nxc6 33. Rxc6 Qf7 34. f3 Kh7 35. Qd4 Qd7 36. Rc3 Rf6 37.
Rd3 Rd6 38. h4 Qf5 39. Re3 Qf6 40. Qd3+ Qg6 41. Qd4 a6 42. Re7 Qg3 43. h5 Qg5 44. Qd3+ Kg8 45. Qe2 Qxh5 46. Re8+ Kh7 47. Qe7 Qg6 48.
Rc8 Qf6 49. Qe8 d4 50. Qg8+ Kg6 51. f4 Qxf4 52. Qe8+ Qf7 53. Qe4+ Qf5 54. Qe8+ Kg5 55. Rc7 g6 56. Qe7+ Rf6 57. Rc6 Qf1+ 58. Kh2 Qf4+ 59.
g3 Qf2+ 60. Kh3 Qf5+ 61. Kh2 h5 62. Rd6 b5 63. Rxd4 Kh6 64. Rf4 Qc2+ 65. Kh3 Rxf4 66. gxf4 Qf5+ 67. Kg2 Qg4+ 68. Kh1 Qf3+ 69. Kg1 Qg3+ 70.
Kh1 Qxf4 71. Qd8 h4 72. Qh8+ Kg5 73. Qd8+ Kg4 74. Qd1+ Qf3+ 0-1